 Dungeon Crawl Stone Soup version 0.28.0 (webtiles) character file.

Game seed: 8566019540776664295

42 chmiii the Chucker (level 3, -1/35 HPs)
             Began as a Troll Hunter on Feb 17, 2022.
             Slain by an orc (5 damage)
             ... on level 2 of the Dungeon.
             The game lasted 00:04:51 (581 turns).

chmiii the Chucker (Troll Hunter)                    Turns: 581, Time: 00:04:51

Health: -1/35      AC:  4    Str: 22    XL:     3   Next: 35%
Magic:  2/2        EV:  9    Int:  7    God:
Gold:   18         SH:  0    Dex: 10    Spells: 2/2 levels left

rFire   . . .      SeeInvis .   (no weapon)
rCold   . . .      Faith    .   (no shield)
rNeg    . . .      Spirit   .   b - +0 robe
rPois   .          Reflect  .   (helmet restricted)
rElec   .          Harm     .   (no cloak)
rCorr   .          Rampage  .   (gloves unavailable)
Will    .....                   (boots unavailable)
Stlth   +.........              (no amulet)
HPRegen 0.91/turn               (no ring)
MPRegen 0.08/turn               (no ring)

@: no status effects
A: large, unfitting armour, claws 3, regeneration 1, shaggy fur 1, tough skin 1
a: no special abilities


You were on level 2 of the Dungeon.
You visited 1 branch of the dungeon, and saw 2 of its levels.

You collected 18 gold pieces.

Inventory:

Missiles
 a - 24 sling bullets
 c - 5 large rocks (quivered)
 d - 2 throwing nets
Armour
 b - a +0 robe (worn)
Scrolls
 e - a scroll of torment {unknown}
 f - 2 scrolls of vulnerability {unknown}
 g - a scroll of blinking {unknown}
 i - a scroll of identify {unknown}
Potions
 h - a potion of lignification {unknown}
 k - a potion of flight {unknown}


   Skills:
 + Level 2.1 Fighting
 * Level 2.0 Axes
 - Level 3.6 Throwing
 - Level 1.5 Dodging
 - Level 0.3 Stealth


You had 2 spell levels left.
You didn't know any spells.
Your spell library was empty.

Dungeon Overview and Level Annotations

Branches:
Dungeon (2/15)

Altars:

Shops:
D:1 *?


Innate Abilities, Weirdness & Mutations

You are too large for most types of armour.
You have claws for hands.
Your natural rate of healing is unusually fast.
You are covered in fur. (AC +1)
You have tough skin. (AC +1)


Message History

You scratch the orc.
You kill the orc!
An orc wizard comes into view. It is wielding a +0 dagger.
The orc priest casts a cantrip, but nothing happens.
Your Axes skill increases to level 2!
You scratch the orc but do no damage. You scratch the orc but do no damage.
The orc completely misses you.
The rat twitches its whiskers.
The rat bites you but does no damage.
You closely miss the orc. The orc hits you with a +0 whip.
The rat barely misses you.
You scratch the orc.
The orc is lightly wounded.
The orc hits you with a +0 whip. The rat closely misses you.
You barely miss the orc.
The orc is lightly wounded.
The orc hits you with a +0 whip. The rat bites you but does no damage.
You claw the orc!
You kill the orc!
The orc hits you with a +0 club. The rat bites you.
The orc wizard gestures wildly while chanting.
The orc wizard flickers and vanishes!
Deactivating autopickup; reactivate with Ctrl-A.
You scratch the orc.
The orc is severely wounded.
The orc barely misses you.
The orc priest calls upon Beogh to heal the orc.
The orc's wounds heal themselves!
The rat bites you.
You closely miss the orc. The orc hits you but does no damage.
The rat bites you. Something hits you.
You scratch the orc priest. Your claw misses the orc priest.
The orc priest is lightly wounded.
The orc priest calls down the wrath of Beogh upon you.
Beogh smites you!
* * * LOW HITPOINT WARNING * * *
The orc hits you but does no damage. The rat barely misses you.
Something hits you.
* * * LOW HITPOINT WARNING * * *
The orc hits you with a +0 club.
You die...

# ## # .#.# .#
# ... ..#
#.#.###.. ..
#.......##.#.##
#...ro{......
#@o......
.........####..
..######.# .#
.# .# .# ..


You could see an orc priest, an orc and a rat.

Vanquished Creatures
  2 orcs (D:2)
  2 endoplasms (D:1)
  3 giant cockroaches (D:1)
  2 hobgoblins (D:1)
  9 jackals (D:1)
  4 kobolds (D:1)
  4 quokkas (D:1)
  A ball python (D:1)
  5 bats (D:1)
  2 frilled lizards (D:1)
34 creatures vanquished.

Notes
Turn   | Place    | Note
-------+----------+-------------------------------------------
     0 | D:1      | chmiii the Troll Hunter began the quest for the Orb.
     0 | D:1      | Reached XP level 1. HP: 19/19 MP: 0/0
    54 | D:1      | Reached skill level 1 in Axes
    54 | D:1      | Reached XP level 2. HP: 28/28 MP: 1/1
   276 | D:1      | Reached XP level 3. HP: 35/35 MP: 2/2
   364 | D:1      | Found Viyfagg's Magic Scroll Shop.
   367 | D:1      | Found Lankes's Assorted Antiques.
   581 | D:2      | Slain by an orc

Illustrated notes

Levels and vault maps discovered:
D:1:      nicolae_arrival_memento_mori, layout_basic, serial_shops, shop,
          shop_scrolls
D:2:      layout_loops_ring, hellmonk_ecumenical_altar_inner_sanctum,
          minmay_misc_feat_x, roderic_roman_lattice, minmay_crystal_room

Skill      XL: |  1  2  3 |
---------------+----------+-----
Axes           | 1 2 |  2.0
Fighting       | 2 |  2.1
Throwing       | |  3.6
Dodging        | |  1.5
Stealth        | |  0.3

Action                   || total
-------------------------++-------
Melee: Unarmed           ||   130
  Use: Scroll            ||     1
Armor: Robe              ||    76
Dodge: Dodged            ||    70
